 Dungeon Crawl Stone Soup version 0.28.0 (webtiles) character file.

Game seed: 18052822661581270421

109 funkygono the Firebug (level 4, 0/36 HPs)
             Began as a Gargoyle Fire Elementalist on Feb 15, 2022.
             Slain by an orc (5 damage)
             ... on level 3 of the Dungeon.
             The game lasted 00:04:08 (2221 turns).

funkygono the Firebug (Gargoyle Fire Elementalist)  Turns: 2221, Time: 00:04:09

Health: 0/36       AC: 22    Str: 11    XL:     4   Next: 90%
Magic:  1/8        EV:  2    Int: 18    God:
Gold:   63         SH:  0    Dex: 10    Spells: 2/8 levels left

rFire   . . .      SeeInvis .   c - +0 whip
rCold   . . .      Faith    .   (no shield)
rNeg    + . .      Spirit   .   (armour currently unavailable)
rPois   ∞          Reflect  .   (helmet currently unavailable)
rElec   .          Harm     .   (cloak currently unavailable)
rCorr   .          Rampage  .   (gloves currently unavailable)
Will    .....      NoTele   +   (boots currently unavailable)
Stlth   +.........              (no amulet)
HPRegen 0.12/turn               n - ring of flight
MPRegen 0.11/turn               (no ring)

@: confused, tree-form
A: stationary, stasis, torment immunity, boosted hp, sickness immunity, AC +3,
negative energy resistance 1, (electricity resistance), torment resistance 1,
petrification resistance
a: no special abilities


You were on level 3 of the Dungeon.
You were a tree.
You visited 1 branch of the dungeon, and saw 3 of its levels.

You collected 63 gold pieces.

Inventory:

Hand Weapons
 c - a +0 whip (weapon)
Missiles
 e - 62 stones
Armour
 a - a +0 robe (melded)
 g - a +0 leather armour
 i - a +2 pair of gloves (melded)
Magical Staves
 j - a staff of air
Jewellery
 m - an amulet of guardian spirit
 n - a ring of flight (left branch)
Scrolls
 b - 2 scrolls of immolation {unknown}
 d - a scroll of enchant armour {unknown}
 h - a scroll of fear {unknown}
 k - a scroll of identify {unknown}
 l - a scroll of noise {unknown}
 o - a scroll of teleportation {unknown}


   Skills:
 + Level 1.5 Dodging
 - Level 2.1 Stealth
 * Level 2.8 Spellcasting
 * Level 2.3 Conjurations
 * Level 4.4 Fire Magic


You had 2 spell levels left.
You knew the following spells:

 Your Spells              Type           Power      Damage    Failure   Level
a - Foxfire               Conj/Fire      56%        2x1d6     4%          1
b - Scorch                Fire           36%        2d6       4%          2
c - Conjure Flame         Conj/Fire      14%        6-21      12%         3

Your spell library contained the following spells:

 Spells                   Type           Power      Damage    Failure   Level
 Wereblood                Tmut           2%         N/A       26%         2
 Inner Flame              Hex/Fire       10%        N/A       21%         3
 Flame Wave               Conj/Fire      14%        2d6       38%         4
 Tukima's Dance           Hex            2%         N/A       45%         3
 Passage of Golubria      Tloc           2%         N/A       86%         4
 Yara's Violent Unravell  Hex/Tmut       1%         3d3       99%         5
 Summon Hydra             Summ           1%         N/A       100%        7
 Sublimation of Blood     Necr           Unusable   N/A       N/A         2

Dungeon Overview and Level Annotations

Branches:
Dungeon (3/15)

Altars:
Xom


Innate Abilities, Weirdness & Mutations

You are a tree.
Your roots penetrate the ground, keeping you stationary.
You cannot be teleported.
You are immune to unholy pain and torment.
Your maximum health is greatly increased.
Your equipment is partially melded.
You are immune to sickness and miasma.
((Your stone body is resilient. (AC +3)))
You are immune to poison.
You resist negative energy. (rN+)
((You are resistant to electric shocks. (rElec)))
You are resistant to unholy torment.
You are immune to petrification.


Message History

You are confused.
The orc priest barely misses you.
Your magical contamination has completely faded away.
You aren't carrying any potions.
Unknown command.
You cannot move. (Use ctrl+direction or * direction to attack without moving.)
You cannot move. (Use ctrl+direction or * direction to attack without moving.)
You cannot move. (Use ctrl+direction or * direction to attack without moving.) You're too confused to cast spells.
Sorry, you're not good enough to have a special ability.
Unknown command.
You cannot move. (Use ctrl+direction or * direction to attack without moving.)
You cannot move. (Use ctrl+direction or * direction to attack without moving.)
You cannot move. (Use ctrl+direction or * direction to attack without moving.)
There are monsters nearby!
There are monsters nearby!
Unknown command.
You cannot move. (Use ctrl+direction or * direction to attack without moving.)
You cannot move. (Use ctrl+direction or * direction to attack without moving.)
You cannot move. (Use ctrl+direction or * direction to attack without moving.)
You cannot move. (Use ctrl+direction or * direction to attack without moving.)
You swing at nothing.
The orc hits you with a +0 flail.
* * * LOW HITPOINT WARNING * * *
Something hits you but does no damage.
The orc priest hits you but does no damage.
You closely miss the orc priest.
The orc priest is severely wounded.
The orc hits you but does no damage. Something hits you but does no damage.
The orc priest hits you but does no damage.
You nearly hit yourself!
The orc hits you but does no damage. Something hits you but does no damage.
The orc priest hits you but does no damage.
You barely miss the orc priest.
The orc priest is severely wounded.
The orc barely misses you. Something hits you but does no damage.
The orc priest hits you but does no damage.
You closely miss the orc priest.
The orc priest is severely wounded.
The orc hits you with a +0 flail.
You die...

...........######
##...#..##.##
....##...#..#
..#. #.#.##.# . .
#.#.##)#### #
#.#.......#
.$###.....#
...#..oo.##
#.....♣{.#
#...#....#.##
###.#....#..#
##.#######.#
....######.######
#....<#.......#
#.###.†.......#
#......#.#....#
##......_.....#


You could see an orc priest and an orc.

Vanquished Creatures
  An iguana (D:3)
  2 adders (D:2)
  A worm (D:2)
  2 dart slugs
  An orc (D:3)
  10 endoplasms
  2 giant cockroaches (D:1)
  4 goblins
  7 hobgoblins
  5 jackals
  2 quokkas (D:1)
  A ball python (D:2)
  A bat (D:2)
  3 frilled lizards
  7 kobolds
  4 rats
53 creatures vanquished.

Vanquished Creatures (others)
  134 foxfires
134 creatures vanquished.

Grand Total: 187 creatures vanquished

Notes
Turn   | Place    | Note
-------+----------+-------------------------------------------
     0 | D:1      | funkygono the Gargoyle Fire Elementalist began the quest
                  | for the Orb.
     0 | D:1      | Reached XP level 1. HP: 10/10 MP: 3/3
   232 | D:1      | Reached XP level 2. HP: 15/15 MP: 0/5
   235 | D:1      | Learned a level 2 spell: Scorch
   646 | D:1      | Reached XP level 3. HP: 19/19 MP: 3/6
   650 | D:1      | Learned a level 3 spell: Conjure Flame
  1368 | D:2      | Reached skill level 4 in Fire Magic
  1583 | D:2      | Reached XP level 4. HP: 24/24 MP: 5/7
  2111 | D:3      | Found a shimmering altar of Xom.
  2221 | D:3      | Slain by an orc

Illustrated notes

Levels and vault maps discovered:
D:1:      minmay_arrival_up_and_down, layout_loops_ring,
          minmay_misc_feat_plants, minmay_vboxes
D:2:      layout_basic
D:3:      layout_rooms, lemuel_crystal_altar, gup_sewer_entry_glass,
          uniq_terence

Skill      XL: |  1  2  3  4 |
---------------+-------------+-----
Fire Magic     | 4 |  4.4
Conjurations   | 2 |  2.3
Dodging        | |  1.5
Stealth        | |  2.1
Spellcasting   | |  2.8

Action                   |  1- 3 |  4- 6 || total
-------------------------+-------+-------++-------
Melee: Whip              |     1 |     6 ||     7
 Cast: Foxfire           |    53 |    28 ||    81
       Scorch            |     3 |     4 ||     7
  Use: Potion            |       |     1 ||     1
Armor: Robe              |     4 |    11 ||    15
       Skin              |       |    11 ||    11
Dodge: Dodged            |     8 |    11 ||    19
